AoeStats
← Hans de Boer

Fortress

508279545Analyzed
4v4 RM · 10d ago on Sep 21, 2026· 89m 25s· 8 players
Game mode
Random Map
Map size
Huge
Population
200
Speed
Normal
Resources
Standard
Victory
Conquest
Starting age
Dark Age
Ending age
Imperial Age
RankedLock teamsTeams togetherTeam positionsShared explorationLock speedFull tech treeHidden civsTurbo modeCheats
Victory
Defeat
🇹🇷 Magyars · Türkiye
819
+14
🇹🇷 Bohemians · Türkiye
817
+14
🇹🇷 Celts · Türkiye
790
+15
🇹🇷 Poles · Türkiye
758
+16
🇬🇧 Mongols · United Kingdom
792
-15
🇳🇱 Huns · Netherlands
792
-16
🇧🇬 Byzantines · Bulgaria
770
-15
🇦🇷 Franks · Argentina
731
-13
georgi_atanasov
16:25 Feudal Age
21:18 Wheelbarrow
20:32 Double-Bit Axe
20:30 Horse Collar
20:44 Gold Mining
20:45 Stone Mining
27:04 Castle Age
29:39 Forging
29:35 Scale Barding Armor
30:10 Hand Cart
32:27 Imperial Age
30:52 Stone Shaft Mining
30:38 Bow Saw
30:35 Caravan
31:30 Heavy Plow
32:42 Gold Shaft Mining
32:52 Iron Casting
32:57 Chain Barding Armor
34:38 Conscription
34:44 Logistica
36:55 Two-Man Saw
36:57 Elite Cataphract
37:47 Husbandry
38:28 Plate Barding Armor
40:08 Crop Rotation
40:04 Treadmill Crane
81:51 Murder Holes
82:35 Hoardings
FlyingRumble391
9:39 Feudal Age
12:00 Wheelbarrow
16:07 Castle Age
14:06 Horse Collar
14:27 Double-Bit Axe
16:16 Bloodlines
18:25 Fletching
18:38 Husbandry
20:12 Bodkin Arrow
20:42 Bow Saw
20:50 Heavy Plow
21:44 Gold Mining
25:24 Ballistics
30:51 Hand Cart
33:33 Gold Shaft Mining
35:31 Imperial Age
33:24 Caravan
34:36 Stone Mining
34:34 Loom
37:57 Elite Mangudai
39:01 Conscription
41:45 Chemistry
40:50 Bracer
40:50 Padded Archer Armor
42:10 Stone Shaft Mining
43:47 Town Watch
44:14 Siege Engineers
44:23 Masonry
44:24 Fortified Wall
43:49 Light Cavalry
44:47 Leather Archer Armor
44:43 Forging
44:39 Scale Barding Armor
46:24 Drill
46:16 Capped Ram
47:35 Siege Ram
55:51 Hussar
59:40 Onager
63:04 Thumb Ring
63:25 Parthian Tactics
Hans de Boer
5:05 Loom
8:18 Feudal Age
8:44 Double-Bit Axe
8:43 Horse Collar
9:41 Wheelbarrow
14:56 Castle Age
15:03 Forging
16:00 Light Cavalry
21:22 Hand Cart
21:43 Town Watch
23:58 Murder Holes
25:00 Stone Mining
25:25 Bow Saw
25:59 Heavy Plow
27:17 Masonry
27:01 Fletching
28:16 Gold Mining
29:00 Husbandry
29:12 Bloodlines
29:09 Scale Barding Armor
29:41 Iron Casting
29:33 Scale Mail Armor
29:35 Padded Archer Armor
30:47 Elite Skirmisher
34:45 Imperial Age
33:03 Chain Mail Armor
32:44 Bodkin Arrow
32:59 Marauders
34:58 Gold Shaft Mining
35:15 Chain Barding Armor
36:55 Blast Furnace
38:01 Conscription
38:53 Two-Man Saw
38:40 Elite Tarkan
40:12 Plate Barding Armor
39:39 Bracer
39:55 Leather Archer Armor
41:00 Thumb Ring
41:33 Parthian Tactics
42:48 Ballistics
42:36 Squires
41:57 Pikeman
42:22 Arson
41:58 Man-at-Arms
43:29 Heavy Cavalry Archer
45:32 Atheism
47:12 Town Patrol
47:07 Long Swordsman
47:27 Halberdier
54:26 Caravan
57:49 Guilds
75:11 Two-Handed Swordsman
75:19 Two-Handed Swordsman
GueparflexXx
8:01 Feudal Age
9:30 Wheelbarrow
8:58 Double-Bit Axe
12:39 Gold Mining
16:21 Castle Age
16:00 Scale Barding Armor
16:07 Forging
17:19 Hand Cart
17:48 Husbandry
18:29 Iron Casting
19:13 Chain Barding Armor
20:02 Stone Mining
23:03 Bow Saw
27:27 Fletching
33:03 Imperial Age
33:26 Cavalier
35:11 Blast Furnace
35:32 Plate Barding Armor
47:59 Paladin
cekicphysics
8:24 Feudal Age
6:58 Loom
13:03 Castle Age
11:16 Double-Bit Axe
12:16 Horse Collar
12:31 Gold Mining
14:21 Bow Saw
14:14 Heavy Plow
16:13 Gold Shaft Mining
17:11 Stone Mining
20:53 Scale Mail Armor
21:04 Forging
24:01 Wheelbarrow
27:03 Imperial Age
25:49 Stone Shaft Mining
25:44 Hand Cart
25:03 Pikeman
25:47 Padded Archer Armor
25:37 Fletching
27:15 Caravan
27:54 Elite Woad Raider
29:41 Conscription
31:18 Guilds
32:19 Furor Celtica
32:03 Stronghold
33:24 Heavy Scorpion
34:18 Elite Skirmisher
35:04 Crossbowman
37:53 Coinage
37:47 Chain Mail Armor
38:08 Iron Casting
37:50 Leather Archer Armor
37:31 Bodkin Arrow
37:42 Scale Barding Armor
37:04 Halberdier
55:42 Blast Furnace
55:13 Plate Mail Armor
55:14 Ring Archer Armor
55:05 Chain Barding Armor
56:02 Capped Ram
66:34 Siege Ram
72:06 Ballistics
71:37 Heated Shot
71:28 Treadmill Crane
72:51 Chemistry
71:47 Murder Holes
71:43 Guard Tower
71:59 Siege Engineers
72:05 Masonry
74:05 Fortified Wall
83:17 Town Watch
ScorpioN
0:41 Loom
7:52 Feudal Age
8:29 Double-Bit Axe
9:22 Wheelbarrow
8:33 Town Watch
8:38 Horse Collar
16:40 Castle Age
17:40 Bow Saw
17:48 Hand Cart
17:34 Town Patrol
18:23 Wagenburg Tactics
17:48 Pikeman
18:55 Caravan
19:17 Fortified Wall
19:11 Murder Holes
21:00 Padded Archer Armor
21:08 Scale Barding Armor
21:12 Heavy Plow
22:50 Town Patrol
22:59 Squires
23:57 Hand Cart
25:08 Ballistics
26:51 Chemistry
28:38 Leather Archer Armor
28:16 Fletching
28:47 Masonry
33:29 Imperial Age
35:41 Two-Man Saw
43:36 Architecture
42:36 Halberdier
48:59 Bodkin Arrow
48:52 Elite Hussite Wagon
57:49 Elite Skirmisher
64:04 Houfnice
65:20 Hussite Reforms
careems.ea
0:30 Loom
9:24 Feudal Age
10:34 Horse Collar
10:43 Double-Bit Axe
10:56 Gold Mining
11:41 Stone Mining
15:04 Bloodlines
16:09 Wheelbarrow
15:20 Town Watch
17:33 Scale Barding Armor
22:21 Castle Age
23:32 Husbandry
22:53 Light Cavalry
23:51 Bow Saw
24:19 Gold Shaft Mining
23:47 Heavy Plow
24:09 Caravan
25:23 Corvinian Army
26:18 Hand Cart
26:08 Town Patrol
32:10 Chain Barding Armor
34:33 Imperial Age
32:53 Thumb Ring
32:45 Treadmill Crane
33:01 Murder Holes
34:24 Ballistics
33:36 Elite Skirmisher
35:59 Crop Rotation
36:41 Two-Man Saw
36:47 Plate Barding Armor
36:38 Conscription
35:39 Elite Magyar Huszar
36:36 Recurve Bow
37:06 Parthian Tactics
38:17 Hussar
40:21 Chemistry
39:35 Scale Mail Armor
39:41 Cavalier
42:37 Siege Engineers
43:54 Heavy Cavalry Archer
46:03 Heavy Scorpion
49:48 Paladin
53:14 Onager
55:37 Padded Archer Armor
55:28 Fletching
55:54 Chain Mail Armor
56:44 Leather Archer Armor
62:02 Ring Archer Armor
61:27 Bodkin Arrow
63:07 Coinage
63:58 Bracer
71:35 Banking
***ZARBO***
0:28 Loom
9:07 Feudal Age
9:32 Double-Bit Axe
10:55 Wheelbarrow
10:06 Town Watch
10:33 Horse Collar
11:22 Gold Mining
11:51 Stone Mining
19:42 Castle Age
18:12 Bloodlines
18:35 Forging
18:25 Scale Mail Armor
18:30 Scale Barding Armor
19:25 Arson
21:17 Hand Cart
23:54 Town Patrol
23:57 Heavy Plow
24:41 Bow Saw
24:43 Husbandry
24:04 Light Cavalry
27:56 Stone Shaft Mining
30:29 Scale Barding Armor
31:00 Iron Casting
35:17 Imperial Age
33:24 Chain Mail Armor
33:04 Pikeman
33:44 Squires
35:06 Ballistics
36:09 Cavalier
39:05 Winged Hussar
43:15 Szlachta Privileges
43:53 Hoardings
43:44 Conscription
44:33 Crop Rotation
44:11 Caravan
44:45 Chain Barding Armor
45:43 Blast Furnace
45:25 Padded Archer Armor
45:15 Fletching
45:56 Plate Mail Armor
46:30 Chemistry
46:10 Coinage
46:52 Lechitic Legacy
46:46 Siege Engineers
47:01 Elite Obuch
56:45 Banking
67:06 Bodkin Arrow
67:26 Leather Archer Armor
Connection lost

Rejoining the realm…

Still unreachable

The connection could not be restored.

Session expired

The server has moved on; the page needs a fresh start.